 Dungeon Crawl Stone Soup version 0.18-a0-801-gb01a236 (webtiles) character file.

211 Raultor the Insei (level 5, 0/47 HPs)
             Began as a Draconian Monk on Dec 14, 2015.
             Killed by divine providence
             ... invoked by an orc priest
              (10 damage)
             ... on level 3 of the Dungeon.
             The game lasted 00:07:48 (2904 turns).

Raultor the Insei (Draconian Monk)                  Turns: 2904, Time: 00:07:49

Health: 0/47       AC:  7    Str: 13    XL:     5   Next: 57%
Magic:  5/5        EV: 14    Int: 10    God:
Gold:   68         SH:  0    Dex: 15    Spells: 0 memorised, 4 levels left

rFire  . . .     SeeInvis .       - Unarmed
rCold  . . .     Clarity  .     (armour unavailable)
rNeg   . . .     SustAt   .     (no shield)
rPois  .         Gourm    .     (helmet restricted)
rElec  .         Spirit   .     b - +0 cloak
rCorr  .         Dismiss  .     l - +0 pair of gloves
rMut   .         Stasis   .     (no boots)
MR     .....                    (no amulet)
Stlth  ++........               (no ring)
                                (no ring)

@: not resistant to hostile enchantments, unstealthy
A: unfitting armour, cold-blooded, AC +5
a: no special abilities


You were on level 3 of the Dungeon.
You were hungry.

You visited 1 branch of the dungeon, and saw 3 of its levels.

You collected 68 gold pieces.

Inventory:

Missiles
 i - 5 steel javelins (quivered)
 m - 7 poisoned javelins
Armour
 b - a +0 cloak (worn)
   (You found it on level 1 of the Dungeon)
 l - a +0 pair of gloves (worn)
   (You found it on level 2 of the Dungeon)
Wands
 o - a wand of frost (11)
   (You found it on level 2 of the Dungeon)
Scrolls
 c - a scroll of teleportation {unknown}
 e - a scroll of immolation {unknown}
 f - a scroll of remove curse {unknown}
 g - 4 scrolls of identify {unknown}
 j - a scroll of magic mapping {!r}
 k - a scroll of recharging {unknown}
 p - a scroll of enchant weapon {unknown}
Comestibles
 a - 2 bread rations {@e1}
 d - a beef jerky
 h - a fruit


   Skills:
 + Level 4.3 Fighting
 + Level 3.7 Dodging
 - Level 1.7 Stealth
 * Level 5.6 Unarmed Combat


You had 4 spell levels left.
You didn't know any spells.

Dungeon Overview and Level Annotations

Branches:
Dungeon (3/15)

Altars:
Kikubaaqudgha
Sif Muna
Zin


Innate Abilities, Weirdness & Mutations

Your plain brown scales are hard (AC +5).
Your body does not fit into most forms of armour.
You are cold-blooded and may be slowed by cold attacks.


Message History

You closely miss the giant newt.
Your tail-slap misses the giant newt.
Your punch misses the giant newt. The bat hits you but does no damage.
The giant newt closely misses you.
You hit the bat but do no damage. The bat misses you.
The giant newt misses you.
You closely miss the giant newt.
Your tail-slap misses the giant newt.
The giant newt bites you. The bat hits you but does no damage.
You take 1 damage, and have 46/47 hp.
You hit the bat.
You kill the bat!
The giant newt misses you.
You miss the giant newt. The giant newt barely misses you.
Health restored: 47 You miss the giant newt.
Your punch misses the giant newt.
The giant newt bites you but does no damage.
You barely miss the giant newt.
Your tail-slap misses the giant newt.
You hit the giant newt.
You kill the giant newt!
No target in view!
No target in view!
No target in view!
No target in view!
No target in view!
No target in view!
No target in view!
No target in view!
No target in view!
No target in view!
No target in view!
No target in view!
No target in view!
No target in view!
A rat comes into view.
Found a stone staircase leading down.
There is a shaft here.
You closely miss the rat. The rat bites you but does no damage.
You hit the rat.
You kill the rat!
No target in view!
g - 4 scrolls labeled SICHUPI MAGRI (gained 3)
Found an ancient bone altar of Kikubaaqudgha.
n - a metallic silvery potion You are feeling hungry.
p - a scroll labeled MYMU FOTZO
Found a deep blue altar of Sif Muna.
Found a glowing silver altar of Zin.
Found a faded altar to an unknown god.
a - 2 bread rations {@e1} (gained 1)
An orc comes into view. It is wielding a dagger.
Found a stone staircase leading up.
You see here a scroll labeled SICHUPI MAGRI.
An orc warrior comes into view. It is wielding a battleaxe.
The orc warrior moves out of view.
The orc shouts!
You hear a shout!
You hear a shout!
You hear a shout!
An orc priest comes into view. It is wielding a hand axe.
You hit the orc. The orc hits you but does no damage.
The orc priest calls upon Beogh to heal the orc.
The orc's wounds heal themselves!
A hobgoblin and an orc come into view.
You hit the orc.
The orc priest moves out of view.
The orc barely misses you.
You see here a scroll labeled MYMU FOTZO.
You barely miss the orc. The orc hits you but does no damage.
You hit the orc. The orc closely misses you.
You closely miss the orc. The orc closely misses you.
You barely miss the orc.
Your tail-slap misses the orc.
The orc hits you but does no damage.
You hit the orc. The orc barely misses you.
You hit the orc. You hit the orc.
You kill the orc!
You closely miss the hobgoblin. You punch the hobgoblin.
You kill the hobgoblin!
Eat which item? (? for menu, Esc to quit)
Okay, then.
Drink which item? (? for menu, Esc to quit)
It was a potion of curing.
You feel better.
You hit the orc warrior.
The orc priest invokes the aid of Beogh against you.
Something smites you! The orc warrior closely misses you.
You take 8 damage, and have 39/47 hp.
You closely miss the orc warrior. The orc warrior closely misses you.
You hit the orc warrior but do no damage.
You hit the orc warrior.
You punch the orc warrior, but do no damage.
The orc warrior hits you with a battleaxe!!
You take 18 damage, and have 21/47 hp.
MASSIVE DAMAGE!!
You hit the orc warrior but do no damage.
The orc warrior hits you with a battleaxe!
* * * LOW HITPOINT WARNING * * *
The orc priest casts a cantrip, but nothing happens.
You take 13 damage, and have 8/47 hp.
MASSIVE DAMAGE!!
A worm comes into view.
The worm moves out of view.
Found an arbalest.
Found a stone staircase leading down.
You see here a helmet.
The orc priest mumbles some strange prayers to Beogh against you.
Something smites you!
You die...

.......#_#..##########
..........#.............
..............#........#
#...........#.#........#
.........##...#........#
.............o.........#
.........#.o.o.....#P###
.........o##.##...##P.##
......[@...#.##...#[.._#
.<......##...##...#.P.!#
.#.......#..###o....⌠._#
............###o..#....#
...#.w##?...?)....#..P_.
.....> ##..#########..#.
..#... #...# ###.# .#.#
#.#.%o..# ### ...##.##.#
#


You could see an orc warrior, a worm, an orc priest and an orc.

Vanquished Creatures
  Ijyb (D:2)
  Terence (D:2)
  Natasha (twice) (D:2)
  3 adders (D:2)
  3 gnolls
  2 worms (D:2)
  5 giant geckos
  An orc (D:3)
  6 giant cockroaches
  3 goblins
  11 hobgoblins
  4 jackals (D:1)
  6 bats
  A giant newt (D:3)
  8 kobolds
  9 rats
66 creatures vanquished.

Notes
Turn   | Place    | Note
--------------------------------------------------------------
     0 | D:1      | Raultor the Draconian Monk began the quest for the Orb.
     0 | D:1      | Reached XP level 1. HP: 19/19 MP: 1/1
   197 | D:1      | Reached XP level 2. HP: 19/26 MP: 2/2
   519 | D:1      | Reached skill level 3 in Dodging
   738 | D:2      | Noticed Natasha
   773 | D:2      | Reached XP level 3. HP: 15/31 MP: 3/3
  1018 | D:2      | Noticed Terence
  1034 | D:2      | Killed Terence
  1289 | D:1      | HP: 7/33 [gnoll (5)]
  1290 | D:1      | Reached XP level 4. HP: 8/40 MP: 4/4
  1590 | D:2      | Reached skill level 5 in Unarmed Combat
  1639 | D:2      | Killed Natasha
  1887 | D:2      | Reached skill level 4 in Fighting
  1905 | D:2      | Noticed Natasha
  1926 | D:2      | Killed Natasha
  1926 | D:2      | Reached XP level 5. HP: 13/46 MP: 5/5
  1931 | D:2      | HP: 11/46 [poisoned by an adder]
  2374 | D:2      | Noticed Ijyb
  2378 | D:2      | Killed Ijyb
  2828 | D:3      | Found an ancient bone altar of Kikubaaqudgha.
  2851 | D:3      | Found a deep blue altar of Sif Muna.
  2852 | D:3      | Found a glowing silver altar of Zin.
  2857 | D:3      | Found a faded altar to an unknown god.
  2868 | D:3      | Noticed an orc warrior
  2891 | D:3      | HP: 8/47 [orc warrior/battleaxe (13)]
  2904 | D:3      | Killed from afar by an orc priest

Vault maps used:
D:1:      tarquinn_simple_flora_water_c, feat_on_display
D:2:      forest_paths, uniq_terence, uniq_natasha, uniq_iyjb
D:3:      gammafunk_temple_overflow_forgotten, ecumenical_altar_1, first_bread

Action                   |  1- 3 |  4- 6 || total
-------------------------+-------+-------++-------
Melee: Unarmed           |   113 |   163 ||   276
Throw: Javelin           |       |     4 ||     4
  Use: Potion            |       |     3 ||     3
       Scroll            |       |     1 ||     1
 Stab: Sleeping          |     2 |     4 ||     6
  Eat: Chunk             |     1 |     5 ||     6

Vault maps used:
D:1:      tarquinn_simple_flora_water_c, feat_on_display
D:2:      forest_paths, uniq_terence, uniq_natasha, uniq_iyjb
D:3:      gammafunk_temple_overflow_forgotten, ecumenical_altar_1, first_bread

Table legend:
 A = Turns spent in this place as a percentage of turns spent in the entire game.
 B = Non-inter-level travel turns spent in this place as a percentage of non-inter-level travel turns spent in the entire game.
 C = Inter-level travel turns spent in this place as a percentage of turns spent in this place.
 D = Turns resting spent in this place as a percentage of non-inter-level travel turns spent in this place.
 E = Turns spent auto-exploring this place as a percentage of non-inter-level travel turns spent in this place.
 F = Non-inter-level travel turns spent in this place divided by the number of levels of this place that you've seen.
                   A       B       C       D       E      F
               +-------+-------+-------+-------+-------+----------------------
         Total | 100.0 | 100.0 |   1.1 |   3.8 |   9.2 | 217.7
       Dungeon | 100.0 | 100.0 |   1.1 |   3.8 |   9.2 | 217.7
               +-------+-------+-------+-------+-------+----------------------

Table legend:
 A = Kills in this place as a percentage of kills in entire the game.
 B = Kills by you in this place as a percentage of kills by you in the entire game.
 C = Kills by friends in this place as a percentage of kills by friends in the entire game.
 D = Other kills in this place as a percentage of other kills in the entire game.
 E = Experience gained in this place as a percentage of experience gained in the entire game.
 F = Experience gained in this place divided by the number of levels of this place that you have seen.
                   A       B       C       D       E      F
               +-------+-------+-------+-------+-------+----------------------
         Total | 100.0 | 100.0 |  -nan |  -nan | 100.0 | 100.7
       Dungeon | 100.0 | 100.0 |  -nan |  -nan | 100.0 | 100.7
               +-------+-------+-------+-------+-------+----------------------
